 Dungeon Crawl Stone Soup version 0.27-a0-1139-g28e009f8a6 (webtiles) character file.

Game seed: 17924896942109890983

100 leviel the Skirmisher (level 4, -2/41 HPs)
             Began as a Minotaur Fighter on May 7, 2021.
             Slain by a water moccasin (5 damage)
             ... on level 3 of the Dungeon.
             The game lasted 00:03:00 (2403 turns).

leviel the Skirmisher (Minotaur Fighter)            Turns: 2403, Time: 00:03:01

Health: -2/41      AC: 11    Str: 22    XL:     4   Next: 47%
Magic:  3/3        EV:  4    Int:  5    God:
Gold:   120        SH:  9    Dex:  9    Spells: 3/3 levels left

rFire    . . .     SeeInvis .   a - +0 war axe
rCold    . . .     Faith    .   c - +0 kite shield
rNeg     . . .     Spirit   .   k - +0 plate armour
rPois    .         Reflect  .   (helmet restricted)
rElec    .         Harm     .   (no cloak)
rCorr    .         Rampage  .   (no gloves)
Will     .....                  (no boots)
Stlth    ..........             (no amulet)
HPRegen  0.13/turn              (no ring)
MPRegen  0.08/turn              (no ring)

@: mighty, lethally poisoned (-2 -> -15)
A: horns 2, retaliatory headbutt
a: no special abilities


You were on level 3 of the Dungeon.
You visited 1 branch of the dungeon, and saw 3 of its levels.

You collected 120 gold pieces.

Inventory:

Hand Weapons
 a - a +0 war axe (weapon)
Missiles
 h - 4 javelins (quivered)
 i - 2 throwing nets
Armour
 c - a +0 kite shield (worn)
 k - a +0 plate armour (worn)
Scrolls
 f - a scroll of enchant armour {unknown}
Potions
 e - 3 potions of haste {unknown}
 g - a potion of degeneration {unknown}
 j - a potion of curing {unknown}


   Skills:
 + Level 4.6 Fighting
 + Level 3.5 Axes
 + Level 4.2 Armour
 + Level 0.5 Dodging
 + Level 4.4 Shields


You had 3 spell levels left.
You didn't know any spells.
Your spell library contained the following spells:

 Spells                   Type           Power      Damage    Failure   Level
 Magic Dart               Conj           0%         1d3       100%        1
 Searing Ray              Conj           0%         3d3       100%        2
 Dazzling Flash           Conj/Hex       0%         N/A       100%        3
 Fulminant Prism          Conj/Hex       0%         3d6       100%        4
 Iskenderun's Mystic Bla  Conj/Tloc      0%         2d3       100%        4


Dungeon Overview and Level Annotations

Branches:
Dungeon (3/15)

Altars:
Qazlal

Shops:
D:1 (   D:2 !   D:3 (


Innate Abilities, Weirdness & Mutations

You have a pair of horns on your head.
You reflexively headbutt those who attack you in melee.


Message History

You hit the endoplasm.
The endoplasm is heavily wounded.
The endoplasm hits you but does no damage.
You slash the endoplasm!
You kill the endoplasm!
No target in view!
HP restored.
You see here a +0 robe.
Items here: ( )) [ †.
A water moccasin comes into view.
A water moccasin is nearby!
A water moccasin is nearby!
Okay, then.
You feel very mighty all of a sudden. The water moccasin bites you.
You block the water moccasin's attack.
You miss the water moccasin.
Your headbutt misses the water moccasin.
The water moccasin bites you. You block the water moccasin's attack.
Your shield and plate armour prevent you from hitting the water moccasin.
The water moccasin bites you. You block the water moccasin's attack.
You miss the water moccasin. You block the water moccasin's attack.
The water moccasin bites you.
You slash the water moccasin!
The water moccasin is moderately wounded.
The water moccasin bites you.
You are poisoned.
The water moccasin poisons you! The water moccasin barely misses you.
You miss the water moccasin.
The water moccasin is moderately wounded.
You feel very sick. The water moccasin bites you!
You are lethally poisoned!
The water moccasin poisons you! The water moccasin bites you. x2
* * * LOW HITPOINT WARNING * * *
You closely miss the water moccasin.
The water moccasin is moderately wounded.
* * * LOW HITPOINT WARNING * * *
You feel extremely sick. The water moccasin barely misses you.
The water moccasin bites you.
You die...

#...........#
#...........#
#.......#.....
#.##..........#
#######
#.##..........#
.......
#.##...........
....... #.......#
.......###.......#
......S@.........#
.....##..........#
### #..........#
.......####.#
#.##.....# ... #
####### ##


You could see a water moccasin.

Vanquished Creatures
  3 gnolls (D:2)
  A worm (D:2)
  2 dart slugs
  An orc (D:3)
  6 ball pythons
  7 bats
  9 endoplasms
  3 giant cockroaches
  6 hobgoblins
  8 kobolds
  2 quokkas (D:2)
  4 frilled lizards
  4 goblins
  6 rats
62 creatures vanquished.

Notes
Turn   | Place    | Note
-------+----------+-------------------------------------------
     0 | D:1      | leviel the Minotaur Fighter began the quest for the Orb.
     0 | D:1      | Reached XP level 1. HP: 19/19 MP: 0/0
   232 | D:1      | Reached XP level 2. HP: 27/27 MP: 1/1
   659 | D:1      | Reached XP level 3. HP: 31/33 MP: 2/2
   735 | D:1      | Found Xaixah's Weapon Boutique.
  1431 | D:2      | Reached XP level 4. HP: 26/41 MP: 3/3
  1443 | D:2      | HP: 2/41 [dart slug/slug dart (2)]
  1862 | D:2      | Found Equzasap's Distillery.
  2262 | D:3      | Found a stormy altar of Qazlal.
  2276 | D:3      | Found Oleku's Weapon Emporium.
  2394 | D:3      | Noticed a water moccasin
  2403 | D:3      | Slain by a water moccasin

Illustrated notes

Levels and vault maps discovered:
D:1:      sevenhm_arrival_forest_fort_large_4, layout_loops_ring, serial_shops,
          shop
D:2:      layout_loops_cross, serial_shops, shop_fountains
D:3:      layout_basic, old_standard_altar, fedhas_altar_fruit_tree,
          serial_shops, nicolae_shop_trees

Skill      XL: |  1  2  3 |
---------------+----------+-----
Fighting       | 4 |  4.6
Shields        | 4 |  4.4
Armour         | 4 |  4.2
Axes           | 3 |  3.5
Dodging        | |  0.5

Action                   |  1- 3 |  4- 6 || total
-------------------------+-------+-------++-------
Melee: War axe           |    87 |    45 ||   132
       Headbutt          |    15 |     5 ||    20
  Use: Potion            |       |     1 ||     1
Armor: Scale mail        |    57 |     7 ||    64
       Plate armour      |       |    13 ||    13
Dodge: Dodged            |    30 |    10 ||    40
Block: Kite shield       |    42 |    26 ||    68

Table legend: (Time is in decaauts)
 A = Elapsed time spent in this place.
 B = Non-inter-level travel time spent in this place.
 C = Inter-level travel time spent in this place.
 D = Time resting spent in this place.
 E = Time spent auto-exploring this place.
 F = Levels seen in this place.
 G = Mean time per level.
                   A        B        C        D        E       F      G
               +--------+--------+--------+--------+--------+-----+--------+
         Total |   2477 |   2359 |    118 |    385 |   1583 |   3 |  825.7 |
       Dungeon |   2477 |   2359 |    118 |    385 |   1583 |   3 |  825.7 |
               +--------+--------+--------+--------+--------+-----+--------+

Top non-repeatable levels by time:
     D:2: 1180 daAuts
     D:1: 1134 daAuts
     D:3: 163 daAuts
